 Dungeon Crawl Stone Soup version 0.29-a0-925-g0a7a3d12f8 (webtiles) character file.

Game seed: 5621414556472486669

25 Newt the Charlatan (level 2, -2/23 HPs)
             Began as a Draconian Artificer on July 29, 2022.
             Killed from afar by Natasha (11 damage)
             ... with a magic dart
             ... on level 2 of the Dungeon.
             The game lasted 00:02:36 (1165 turns).

Newt the Charlatan (Draconian Artificer)            Turns: 1165, Time: 00:02:36

Health: -2/23      AC:  4    Str: 14    XL:     2   Next: 82%
Magic:  2/2        EV: 12    Int: 11    God:
Gold:   50         SH:  0    Dex: 11    Spells: 1/1 levels left

rFire   + . .      SeeInvis .   o - +2 whip (vamp)
rCold   + . .      Faith    .   (no shield)
rNeg    . . .      Spirit   .   (body armour unavailable)
rPois   .          Reflect  .   (helmet restricted)
rElec   .          Harm     .   k - scarf {rC+ rF+}
rCorr   .          Rampage  .   (no gloves)
Will    .....                   (no boots)
Stlth   +.........              (no amulet)
HPRegen 0.07/turn               (no ring)
MPRegen 0.08/turn               (no ring)

@: slowed, very slow
A: AC +4, unfitting armour, cold-blooded
a: no special abilities


You were on level 2 of the Dungeon.
You visited 1 branch of the dungeon, and saw 2 of its levels.

You collected 50 gold pieces.

Inventory:

Hand Weapons
 a - a +0 club
 o - a +2 vampiric whip (weapon)
Armour
 k - a scarf of resistance (worn)
 m - a +0 cloak
Jewellery
 i - a ring of poison resistance
Wands
 b - a wand of flame (9) (quivered)
 c - a wand of charming (10)
 d - a wand of iceblast (9)
Scrolls
 e - a scroll of fear {unknown}
 f - a scroll of identify {unknown}
 g - a scroll of silence {unknown}
 j - a scroll of enchant armour {unknown}
 l - a scroll of teleportation {unknown}
Potions
 h - a potion of magic {unknown}
 n - a potion of heal wounds {unknown}
 p - a potion of brilliance


   Skills:
 + Level 1.1 Fighting
 + Level 2.8 Dodging
 + Level 0.8 Stealth
 + Level 3.5 Evocations


You had one spell level left.
You didn't know any spells.
Your spell library contained the following spells:

 Spells                   Type           Power      Damage    Failure   Level
 Gell's Gravitas          Tloc           0%         N/A       71%         3
 Lesser Beckoning         Tloc           0%         N/A       71%         3
 Teleport Other           Tloc           0%         N/A       71%         3
 Tukima's Dance           Hex            0%         N/A       71%         3
 Passage of Golubria      Tloc           0%         N/A       98%         4
 Yara's Violent Unravell  Hex/Tmut       0%         3d3       100%        5


Dungeon Overview and Level Annotations

Branches:
Dungeon (2/15)

Altars:

Annotations:
D:2 Natasha


Innate Abilities, Weirdness & Mutations

Your plain brown scales are hard. (AC +4)
You cannot fit into any form of body armour.
You are cold-blooded and may be slowed by cold attacks.


Message History

Aiming: Charm
Press: ? - help, Q - select action, (/) - cycle Shift-Dir - straight line, f - kobold
Aim: a kobold, wielding a +0 whip (chance to affect: 74%)
The kobold is charmed.
A rat comes into view.
Natasha stares at you and mumbles some strange words.
You feel yourself slow down.
Aiming: Throw Flame
Press: ? - help, Q - select action, (/) - cycle Shift-Dir - straight line, f - Natasha, p - kobold
Aim: Natasha (64% to hit)
The puff of flame misses Natasha.
Natasha drinks a potion.
Natasha's spells are empowered!
Aiming: Throw Flame
Press: ? - help, Q - select action, (/) - cycle Shift-Dir - straight line, f/p - Natasha
Aim: Natasha (spells empowered, 64% to hit)
The puff of flame misses Natasha.
The endoplasm misses your kobold. The endoplasm hits your kobold.
Aiming: Iceblast
Press: ? - help, Q - select action, (/) - cycle Shift-Dir - straight line, p - Natasha
Okay, then.
Aiming: Throw Flame
Press: ? - help, Q - select action, (/) - cycle Shift-Dir - straight line, f/p - Natasha
Aim: Natasha (spells empowered, 64% to hit)
The puff of flame hits Natasha.
Natasha is moderately wounded.
Natasha stares at you and mumbles some strange words.
The magic dart hits you.
Your kobold hits the endoplasm but does no damage.
The endoplasm hits your kobold but does no damage.
Aiming: Throw Flame
Press: ? - help, Q - select action, (/) - cycle Shift-Dir - straight line, f/p - Natasha
Aim: Natasha (moderately wounded, spells empowered, 64% to hit)
The puff of flame hits Natasha!
Natasha is severely wounded.
Natasha stares at you and mumbles some strange words.
The magic dart hits you! The endoplasm hits your kobold.
Your kobold dies!
Natasha stares at you and mumbles some strange words.
The magic dart hits you!
You die...

.. .. .. #. ###
#. ##...#. .>
.......#####....
.......@.r......
......h.)#.....
.......##J......
......# .......
....## .......
...# ..#...[ ..#
..##... .. ..#
#+# ...


You could see Natasha (empowered), an endoplasm and a rat.

Vanquished Creatures
  A dart slug (D:1)
  2 endoplasms (D:1)
  2 giant cockroaches (D:1)
  2 goblins (D:1)
  A hobgoblin (D:1)
  2 quokkas (D:1)
  A bat (D:1)
  4 kobolds (D:1)
  2 rats (D:1)
17 creatures vanquished.

Vanquished Creatures (collateral kills)
  An endoplasm (D:1)
  A hobgoblin (D:1)
  A bat (D:1)
3 creatures vanquished.

Vanquished Creatures (others)
  A kobold (D:2)
1 creature vanquished.

Grand Total: 21 creatures vanquished

Notes
Turn   | Place    | Note
-------+----------+-------------------------------------------
     0 | D:1      | Newt the Draconian Artificer began the quest for the Orb.
     0 | D:1      | Reached XP level 1. HP: 16/16 MP: 1/1
   388 | D:1      | Reached XP level 2. HP: 21/23 MP: 2/2
  1157 | D:2      | Noticed Natasha
  1165 | D:2      | Killed from afar by Natasha

Illustrated notes

Levels and vault maps discovered:
D:1:      minmay_arrival_shoal_huts, layout_loops_ring,
          chequers_serial_rivers_large_a
D:2:      minmay_wonky_spiral, layout_loops_corners,
          hellmonk_ecumenical_altar_lost_god, minmay_misc_feat_secret_circle,
          minmay_octomino_e4, uniq_crazy_yiuf_cottage, uniq_sigmund,
          uniq_natasha

Action                   || total
-------------------------++-------
Melee: Club              ||    72
       Tailslap          ||     2
       Whip              ||    20
Evoke: Wand              ||    11
Armor: Skin              ||    32
Dodge: Dodged            ||    58

Table legend: (Time is in decaauts)
 A = Elapsed time spent in this place.
 B = Non-inter-level travel time spent in this place.
 C = Inter-level travel time spent in this place.
 D = Time resting spent in this place.
 E = Time spent auto-exploring this place.
 F = Levels seen in this place.
 G = Mean time per level.
                   A        B        C        D        E       F      G
               +--------+--------+--------+--------+--------+-----+--------+
         Total |   1202 |   1196 |      6 |    266 |    672 |   2 |  601.0 |
       Dungeon |   1202 |   1196 |      6 |    266 |    672 |   2 |  601.0 |
               +--------+--------+--------+--------+--------+-----+--------+

Top non-repeatable levels by time:
     D:1: 1193 daAuts
     D:2: 9 daAuts
